Map: Odyssey LE

Players

ZXCVBNM

  • Race: Zerg Zerg
  • League: Diamond
  • Spawn Location: 11:00

Burnedgoat - Winner!

  • Race: Protoss Protoss
  • League: Diamond
  • Spawn Location: 5:00

VOD

https://www.youtube.com/watch?v=bds4Dh2826c

Description

Time

  • Played on: Nov. 23, 2017, 12:51 p.m.
  • Length: 17:30
Show
View Real Time Build Order
Export as new Build Order

ZXCVBNM Zerg 

Build Orders: Pool First 

Get SALT Encoding   

  12  0:02  Drone  
  13  0:12  Overlord  
  13  0:16  Drone  
  14  0:30  Drone x2  
  14  0:34  Drone  
  17  0:48  Spawning Pool  
  16  0:50  Drone  
  17  1:17  Hatchery  
  16  1:21  Extractor  
  15  1:30  Drone  
  16  1:36  Zergling x4  
  18  1:42  Zergling x2  
  18  1:44  Queen  
  21  1:55  Overlord  
  21  2:03  Zergling x2  
  22  2:19  Zergling x2  
  23  2:27  Metabolic Boost  
  23  2:43  Zergling x2  
  23  2:44  Zergling x6  
  22  3:06  Zergling x12  
  26  3:24  Zergling x2  
  26  3:25  Zergling x6  
  28  3:37  Drone x2  
  30  3:43  Hatchery  
  27  3:48  Zergling x4  
  27  3:49  Zergling x4  
  29  3:59  Spine Crawler  
  23  4:16  Zergling x16  
  25  4:45  Zergling x10  
  27  5:02  Drone x6  
  27  5:11  Drone x3  
  27  5:13  Queen  
  32  5:22  Drone x2  
  32  5:35  Spine Crawler  
  32  5:42  Zergling x8  
  35  5:47  Drone  
  35  5:49  Overlord  
  35  6:10  Roach Warren, Drone  
  35  6:11  Drone x4  
  37  6:21  Drone  
  37  6:23  Drone x2  
  39  6:33  Drone x2  
  41  6:41  Drone x2  
  41  6:43  Extractor  
  41  6:44  Drone  
  43  6:47  Overlord  
  43  6:49  Hatchery  
  42  6:59  Drone  
  43  7:09  Drone  
  43  7:11  Roach x3  
  50  7:18  Overlord  
  50  7:19  Overlord  
  50  7:20  Overlord x2  
  50  7:26  Lair  
  50  7:28  Drone  
  51  7:32  Spore Crawler  
  51  7:34  Drone  
  51  7:35  Spore Crawler  
  50  7:58  Roach x7  
  60  8:12  Roach  
  60  8:13  Roach x3  
  62  8:24  Spine Crawler  
  52  8:30  Roach  
  52  8:31  Roach x2  
  49  8:47  Roach  
  49  8:48  Roach x3  
  57  8:51  Drone  
  57  8:53  Drone  
  59  9:04  Drone x3  
  59  9:06  Drone  
  63  9:10  Drone  
  63  9:11  Drone  
  63  9:15  Drone  
  66  9:17  Drone  
  66  9:20  Drone  
  66  9:23  Drone  
  69  9:39  Drone x4  
  69  9:44  Drone  
  69  9:45  Drone  
  75  9:46  Queen  
  75  9:49  Queen  
  75  9:51  Drone  
  80  9:53  Drone  
  80  9:57  Drone  
  82  10:07  Drone x3  
  84  10:10  Drone  
  86  10:27  Drone x3  
  89  10:29  Overlord x2  
  89  10:38  Extractor  
  88  10:43  Drone  
  88  10:44  Hydralisk Den, Drone  
  88  10:46  Queen  
  91  10:51  Drone x3  
  91  10:52  Drone  
  95  10:59  Queen x2  
  99  11:19  Muscular Augments  
  99  11:21  Drone x2  
  99  11:25  Overlord x4  
  101  11:26  Overlord  
  101  11:32  Hydralisk x2  
  105  11:46  Hydralisk x7  
  105  11:47  Hydralisk x2  
  80  12:33  Hydralisk x3  
  80  12:34  Hydralisk x6  
  58  13:27  Queen  
  58  13:28  Hatchery  
  59  13:39  Zergling x6  
  62  13:44  Hatchery  
  61  14:13  Drone x3  
  64  14:37  Drone  
  64  14:38  Drone  
  66  14:41  Drone  
  67  14:47  Extractor, Drone  
  67  14:48  Queen  
  67  14:49  Queen  
  71  15:01  Drone x3  
  71  15:02  Queen  
  76  15:09  Hydralisk x3  
  82  15:20  Spore Crawler  
  81  15:25  Spore Crawler  
  75  15:54  Queen x2  
  75  15:55  Queen  
  75  15:56  Overlord x2  
  77  15:59  Hydralisk x8  
  91  16:11  Hydralisk x2  
  91  16:40  Hydralisk x4  
Show
View Real Time Build Order
Export as new Build Order

Burnedgoat Protoss - Winner!

Build Orders:  

Get SALT Encoding   

  12  0:01  Probe  
  13  0:13  Probe  
  14  0:20  Pylon  
  14  0:25  Probe  
  15  0:38  Probe  
  16  0:43  Gateway  
  16  0:50  Probe (Chrono Boost)  
  16  0:52  Assimilator  
  17  1:04  Probe (Chrono Boost)  
  18  1:10  Pylon  
  18  1:17  Probe  
  18  1:29  Probe  
  18  1:31  Zealot (Chrono Boost)  
  21  1:37  Cybernetics Core  
  21  1:41  Gateway  
  21  1:46  Probe  
  21  1:59  Probe  
  22  2:11  Probe  
  22  2:13  Assimilator  
  22  2:15  Warp Gate  
  23  2:21  Pylon  
  23  2:34  Probe  
  23  2:40  Adept (Chrono Boost)  
  23  2:42  Twilight Council  
  27  2:46  Probe  
  27  2:50  Adept (Chrono Boost)  
  28  3:01  Adept  
  30  3:18  Probe  
  31  3:36  Pylon  
  31  3:38  Resonating Glaives (Chrono Boost)  
  31  3:53  Adept  
  31  3:54  Probe, Adept  
  32  4:29  Probe  
  32  4:41  Probe  
  29  4:52  Gateway  
  28  4:53  Gateway, Probe  
  28  4:55  Gateway  
  28  4:57  Gateway  
  28  4:59  Adept x2  
  33  5:04  Pylon  
  33  5:05  Probe  
  34  5:21  Probe  
  34  5:23  Robotics Facility  
  35  5:45  Probe  
  32  6:09  Gateway  
  32  6:10  Sentry x2  
  32  6:11  Sentry x2  
  38  6:16  Warp Prism (Chrono Boost)  
  42  6:21  Pylon  
  42  6:30  Gateway  
  42  6:33  Gateway  
  42  6:39  Pylon  
  42  6:49  Pylon  
  42  6:57  Warp Prism  
  44  7:05  Charge (Chrono Boost)  
  44  7:39  Adept x5  
  44  7:40  Adept  
  56  7:50  Adept x2  
  56  7:51  Adept  
  62  8:06  Adept x4  
  70  8:22  Adept  
  62  8:45  Immortal  
  62  8:57  Adept  
  62  9:00  Nexus  
  64  9:14  Stalker  
  66  9:18  Pylon  
  66  9:32  Stalker  
  66  9:33  Sentry  
  70  9:44  Probe  
  71  9:56  Probe  
  72  10:08  Immortal (Chrono Boost)  
  72  10:12  Probe  
  73  10:24  Stalker  
  75  10:38  Immortal (Chrono Boost)  
  79  10:43  Probe  
  79  10:45  Assimilator  
  80  10:55  Probe x2  
  82  10:58  Stalker  
  84  11:07  Probe  
  84  11:08  Stalker  
  87  11:16  Probe  
  88  11:36  Pylon  
  82  11:52  Zealot  
  82  11:53  Zealot x3  
  82  11:54  Zealot  
  66  12:41  Immortal (Chrono Boost)  
  62  13:18  Blink  
  62  13:23  Nexus  
  62  13:43  Immortal  
  66  13:59  Probe  
  67  14:11  Probe  
  68  14:23  Probe  
  69  14:35  Probe  
  70  14:40  Immortal (Chrono Boost)  
  74  14:47  Probe  
  75  14:53  Probe  
  77  15:00  Probe  
  77  15:09  Probe  
  78  15:23  Probe  
  78  15:25  Immortal (Chrono Boost)  
  82  15:39  Pylon, Zealot x2  
  84  15:58  Immortal (Chrono Boost)  
  84  16:01  Zealot x2  
  88  16:16  Zealot x2  
  88  16:36  Cybernetics Core  
  88  16:38  Zealot x3  
  90  17:00  Zealot x4  
  88  17:07  Zealot  
  66  17:14  Zealot  
  64  17:19  Zealot  
Tags
 
Matchup
PvZ
Opening
Pool First
Spawn Locations
Cross Positions
Add a new tag
Caveats
  • Supply blocks, unpowered buildings, or Contaminate may cause inaccurate times.
  • Supply counts are checked every 10 seconds.